 Dungeon Crawl Stone Soup version 0.25.1-2-g60ff931df9 (webtiles) character file.

Game seed: 2447912283525727124

47712 DearestLeader the Severer (level 14, -3/98 HPs)
             Began as a Demonspawn Gladiator on Oct 23, 2020.
             Was the Champion of Qazlal.
             Slain by an ice devil (15 damage)
             ... on level 6 of the Lair of Beasts.
             The game lasted 00:42:34 (21592 turns).

DearestLeader the Severer (Demonspawn Gladiator)   Turns: 21592, Time: 00:42:35

Health: -3/98      AC: 19    Str: 19    XL:     14   Next: 9%
Magic:  22/22      EV: 17    Int:  9    God:    Qazlal [******]
Gold:   888        SH:  8    Dex: 18    Spells: 13/13 levels left

rFire    . . .     SeeInvis +   X - +4 war axe of Tischeura {flame, +Inv rElec Int-2 Dex+4}
rCold    + . .     Gourm    .   (no shield)
rNeg     . . .     Faith    .   D - +0 acid dragon scales
rPois    +         Spirit   .   (helmet restricted)
rElec    +         Reflect  .   a - +2 cloak {MR+}
rCorr    +         Harm     .   z - +1 pair of gloves
MR       +++..                  H - +0 pair of boots of Beogh's Reproof {+Blink} (curse)
Stlth    +.........             e - amulet of the acrobat
HPRegen  0.26/turn              U - ring of Geilanya {*Corrode rElec rPois SInv}
MPRegen  0.18/turn              R - ring of protection from magic

@: protected from cold, repel missiles
A: horns 1, iridescent scales 1, demonic guardian 2, powered by pain 2
a: Upheaval, Elemental Force, Disaster Area, Renounce Religion, Evoke Blink,
Evoke Invisibility


You were on level 6 of the Lair of Beasts.
You worshipped Qazlal.
Qazlal was exalted by your worship.
You were hungry.

You visited 2 branches of the dungeon, and saw 17 of its levels.
You also visited: Bailey and Ice Cave.

You collected 888 gold pieces.

Inventory:

Hand Weapons
 P - a +1 vorpal executioner's axe
 X - the +4 war axe of Tischeura (weapon) {flame, +Inv rElec Int-2 Dex+4}
   (You found it on level 3 of the Lair of Beasts)

   It has been specially enchanted to burn those struck by it, causing extra
   injury to most foes and up to half again as much damage against particularly
   susceptible opponents.
   Big, fiery blades are also staple armaments of hydra-hunters.
   It affects your intelligence (-2).
   It affects your dexterity (+4).
   It insulates you from electricity.
   It lets you turn invisible.
Missiles
 d - 5 throwing nets
 n - 39 poisoned darts (quivered)
 I - 7 boomerangs of dispersal
Armour
 a - a +2 cloak of magic resistance (worn)
 z - a +1 pair of gloves (worn)
 D - +0 acid dragon scales (worn)
 H - the cursed +0 pair of boots of Beogh's Reproof (worn) {+Blink}
   (You found it on level 6 of the Dungeon)

   It lets you blink.
   It has a curse placed upon it.
 L - a +0 plate armour
Jewellery
 b - an uncursed amulet of magic regeneration
 e - an amulet of the acrobat (around neck)
 s - an uncursed ring of protection from magic
 v - an uncursed ring of fire
 M - an uncursed ring of see invisible
 R - a ring of protection from magic (right hand)
 U - the ring of Geilanya (left hand) {*Corrode rElec rPois SInv}
   (You found it on level 9 of the Dungeon)

   [ring of poison resistance]

   It insulates you from electricity.
   It protects you from poison.
   It lets you see invisible.
   It may corrode you when you take damage.
Wands
 c - a wand of digging (1)
 B - a wand of disintegration (10)
 C - a wand of random effects (12)
 E - a wand of paralysis (12)
 F - a wand of iceblast (4)
 G - a wand of polymorph (11)
 O - a wand of acid (7)
 T - a wand of clouds (10)
 W - a wand of flame (25)
Scrolls
 g - 8 scrolls of enchant weapon
 i - 13 scrolls of remove curse
 k - 2 scrolls of amnesia
 p - 9 scrolls of teleportation
 y - a scroll of identify
 A - 2 scrolls of fog
 N - 3 scrolls of blinking
 S - 2 scrolls of vulnerability
 V - a scroll of magic mapping
 Y - a scroll of torment {unknown}
Potions
 h - a potion of mutation {unknown}
 j - 3 potions of haste
 l - 8 potions of curing
 m - a potion of heal wounds
 o - 5 potions of lignification
 q - a potion of might {unknown}
 r - 2 potions of cancellation
 t - 2 potions of degeneration
 u - 4 potions of stabbing
 w - 2 potions of brilliance
 x - a potion of flight {unknown}
 J - a potion of magic {unknown}
 K - a potion of invisibility {unknown}
Comestibles
 f - 39 rations
 Q - 3 chunks of flesh


   Skills:
 - Level 5.1 Fighting
 * Level 15.6 Axes
 - Level 1.7 Throwing
 + Level 13.6 Armour
 + Level 7.4 Dodging
 - Level 11.5 Invocations


You had 13 spell levels left.
You didn't know any spells.
Your spell library contained the following spells:

 Spells                   Type           Power        Failure   Level  Hunger
 Apportation              Tloc           #.....       43%         1    ##.....
 Summon Butterflies       Summ           #.......     43%         1    ##.....
 Poisonous Vapours        Pois/Air       #.....       58%         2    ###....
 Conjure Flame            Conj/Fire      #.......     82%         3    ####...
 Lesser Beckoning         Tloc           #.........   82%         3    ####...
 Mephitic Cloud           Conj/Pois/Air  #.......     82%         3    ####...
 Tukima's Dance           Hex            #.......     82%         3    ####...
 Alistair's Intoxication  Tmut/Pois      #.......     100%        5    ######.
 Freezing Cloud           Conj/Ice/Air   #.........   100%        6    #######
 Invisibility             Hex            #.......     100%        6    #######
 Ring of Flames           Chrm/Fire      #.........   100%        7    #######


Dungeon Overview and Level Annotations

Branches:
Dungeon (11/15)            Temple (0/1) D:5            Lair (6/6) D:10
 Shoals (0/4) Lair:4       Spider (0/4) Lair:4        Slime (0/5) Lair:6
 Bailey (visited)           IceCv (visited)
    Orc: D:9-12

Altars:
Cheibriados
Elyvilon
Gozag
Hepliaklqana
Kikubaaqudgha
Makhleb
Okawaru
Qazlal
Trog
Uskayaw
Vehumet
Wu Jian
Xom
Jiyva

Annotations:
Lair:1 1 runed translucent door, lysyklops's ghost, journeyman MiFi


Innate Abilities, Weirdness & Mutations

You have a pair of small horns on your head.
You are partially covered in iridescent scales. (AC +2)
A demonic guardian rushes to your aid.
You sometimes gain power by taking damage.


Message History

You hit the ice devil but do no damage.
You headbutt the ice devil, but do no damage.
The ice devil is almost dead.
The ice devil closely misses you.
You hit the ice devil but do no damage.
The ice devil is almost dead.
You feel less protected from fire.
Some of the chunks of flesh in your inventory have rotted away.
You hit the ice devil. You burn the ice devil.
Your headbutt misses the ice devil.
The ice devil is almost dead.
The ice devil hits you but does no damage.
Unknown command.
You hit the ice devil but do no damage. You headbutt the ice devil.
The ice devil is almost dead.
The ice devil hits you.
* * * LOW HITPOINT WARNING * * *
The ice devil freezes you!
You feel protected from cold.
You die...

.♣ ♣♣♣ ♣. ♣♣.♣♣ ♣♣.
♣..(♣♣ ♣♣..♣♣
♣....♣♣♣ ♣....♣♣
♣♣♣...♣..♣ ♣...♣♣♣
♣♣...♣♣♣♣♣.
♣♣.♣..♣♣♣♣ ♣♣♣♣...♣♣
♣♣
♣♣..♣♣♣...♣♣♣....♣♣♣
♣ ♣♣..♣♣
♣♣°@4h...♣♣♣ ♣
♣♣..♣♣ ♣♣.♣♣.♣♣♣
#### ♣♣..♣♣
♣♣♣♣♣'#########...
♣..♣..♣
♣#........#...
♣♣..♣♣..♣
#..8.8..)'... ♣♣..♣♣
♣.♣ #...#h8..####
♣♣♣..♣♣ ..♣
#..#48...# . ♣..♣♣♣
..♣ #...8.#4.#.4.
.♣♣♣ .♣
#..8.#.4†'4h.


You could see an ice devil and a hell hound.

Vanquished Creatures
  Nessos (Lair:5)
  2 hydras
  6 death yaks
  A wizard (Lair:6)
  A lindwurm (Lair:6)
  Pikel (D:5)
  2 ugly things (IceCv)
  8 elephants
  4 black mambas
  A torpor snail (Lair:5)
  Maggie (D:6)
  6 spiny frogs
  An ice statue (IceCv)
  3 rime drakes
  10 komodo dragons
  2 meliai (Lair:4)
  An ice devil (Lair:6)
  3 polar bears
  A queen bee (Lair:4)
  A troll (D:11)
  Grinder (D:6)
  A dream sheep (Lair:4)
  6 hippogriffs
  10 blink frogs
  A wyvern (Lair:6)
  4 hogs (D:7)
  28 yaks
  A basilisk (Lair:2)
  A human (D:7)
  15 water moccasins
  12 porcupines
  2 ice beasts
  A slave (D:5)
  9 orc warriors
  4 black bears
  3 phantoms
  4 wolves (Lair:3)
  9 centaurs
  6 ogres
  10 crocodiles
  Blork the orc (D:4)
  A big kobold (D:10)
  11 bullfrogs
  2 scorpions
  29 killer bees
  3 howler monkeys
  3 crimson imps
  2 centaur zombies
  A bullfrog zombie (D:7)
  A quasit (D:5)
  5 hounds
  2 orc priests
  2 jellies
  A centaur skeleton (D:7)
  6 orc wizards
  Crazy Yiuf (D:3)
  An iguana (D:9)
  A gnoll shaman (D:4)
  7 worker ants
  A hound zombie (D:6)
  Robin (D:2)
  A worker ant zombie (D:5)
  7 adders
  4 gnolls (D:4)
  2 shadow imps
  An ooze (D:3)
  2 adder skeletons
  2 adder zombies
  3 worms
  5 dart slugs
  5 leopard geckos
  48 orcs
  2 ball pythons
  11 bats
  6 giant cockroaches
  11 goblins
  8 hobgoblins
  11 jackals
  11 kobolds
  5 quokkas
  5 frilled lizards
  A giant cockroach zombie (D:5)
  A leopard gecko zombie (D:7)
  7 rats
  A fungus (Lair:6)
  2 plants (Lair:6)
428 creatures vanquished.

Vanquished Creatures (collateral kills)
  Gastronok (Lair:1)
  5 hydras
  3 death yaks (Lair:4)
  A sun demon (Lair:6)
  2 oklob plants (Lair:1)
  2 elephants
  An ice statue (IceCv)
  A black mamba (Lair:3)
  3 spiny frogs
  2 rime drakes
  2 komodo dragons
  An ice devil (Lair:6)
  A meliai (Lair:4)
  A troll (D:10)
  3 blink frogs
  3 hippogriffs (Lair:6)
  12 yaks
  A wyvern (Lair:3)
  A hungry ghost (D:9)
  3 water moccasins
  A hell hound (Lair:6)
  2 porcupines
  A black bear (D:10)
  4 orc warriors (Bailey)
  2 sky beasts
  5 ice beasts (IceCv)
  An ogre (D:6)
  2 centaurs (Bailey)
  A big kobold (D:11)
  2 crocodiles (Lair:1)
  A bullfrog (Lair:1)
  A wyvern zombie (D:8)
  A scorpion (D:3)
  3 killer bees (D:10)
  An electric eel (Lair:1)
  A centaur zombie (D:6)
  2 orc wizards (D:6)
  3 orc priests
  A jelly (D:6)
  An iguana (D:11)
  A worker ant (D:5)
  A shadow imp (D:11)
  7 orcs
  A goblin (D:2)
  2 kobolds (D:11)
97 creatures vanquished.

Vanquished Creatures (others)
  A crimson imp (D:5)
  A worker ant (D:5)
  3 bushes
  32 fungi
  7 plants
44 creatures vanquished.

Grand Total: 569 creatures vanquished

Notes
Turn   | Place    | Note
-------+----------+-------------------------------------------
     0 | D:1      | DearestLeader the Demonspawn Gladiator began the quest for
                  | the Orb.
     0 | D:1      | Reached XP level 1. HP: 16/16 MP: 1/1
   380 | D:1      | Reached skill level 3 in Axes
   397 | D:1      | Gained mutation: You are partially covered in iridescent
                  | scales. (AC +2) [demonic ancestry]
   397 | D:1      | Reached XP level 2. HP: 16/22 MP: 2/2
  1225 | D:2      | Found a stormy altar of Qazlal.
  1228 | D:2      | Became a worshipper of Qazlal Stormbringer
  1246 | D:2      | Found an opulent altar of Gozag.
  1254 | D:2      | Found a hide-covered altar of Uskayaw.
  1303 | D:2      | Found a white marble altar of Elyvilon.
  1359 | D:2      | Reached XP level 3. HP: 25/27 MP: 3/3
  1398 | D:2      | Found an iron altar of Okawaru.
  1398 | D:2      | Found a bloodstained altar of Trog.
  1489 | D:2      | Reached skill level 4 in Axes
  1489 | D:2      | Reached skill level 1 in Armour
  1489 | D:2      | Gained mutation: A weak demonic guardian rushes to your
                  | aid. [demonic ancestry]
  1489 | D:2      | Reached XP level 4. HP: 24/33 MP: 4/4
  1622 | D:2      | Noticed Robin
  1658 | D:2      | Killed Robin
  1801 | D:2      | Reached * piety under Qazlal
  2383 | D:3      | Reached XP level 5. HP: 38/38 MP: 5/5
  2820 | D:3      | Found a runed translucent door.
  2821 | D:3      | Noticed Crazy Yiuf
  2866 | D:3      | Reached skill level 5 in Axes
  3015 | D:3      | Reached ** piety under Qazlal
  3305 | D:3      | Killed Crazy Yiuf
  3417 | D:4      | Noticed a centaur
  3432 | D:4      | Killed a centaur
  3432 | D:4      | Reached XP level 6. HP: 30/44 MP: 6/6
  3827 | D:4      | Found a shimmering altar of Xom.
  3898 | D:4      | Noticed Blork the orc
  3908 | D:4      | Killed Blork the orc
  4175 | D:4      | Reached skill level 6 in Axes
  4384 | D:4      | Gained mutation: You sometimes gain a little power by
                  | taking damage. [demonic ancestry]
  4384 | D:4      | Reached XP level 7. HP: 47/50 MP: 7/7
  4838 | D:5      | Entered Level 5 of the Dungeon
  5075 | D:5      | Noticed Pikel
  5111 | D:5      | Killed Pikel
  5111 | D:5      | Reached skill level 7 in Axes
  5111 | D:5      | Reached XP level 8. HP: 21/56 MP: 7/10
  5328 | D:5      | Found an iron altar of Okawaru.
  5350 | D:5      | Found a staircase to the Ecumenical Temple.
  5959 | D:6      | Noticed Grinder
  6036 | D:6      | Paralysed by Grinder for 3 turns
  6041 | D:6      | Killed Grinder
  6041 | D:6      | Reached skill level 8 in Axes
  6165 | D:6      | Reached skill level 5 in Armour
  6305 | D:6      | Noticed Maggie
  6317 | D:6      | Killed Maggie
  6317 | D:6      | Reached skill level 5 in Invocations
  6331 | D:6      | Reached *** piety under Qazlal
  6455 | D:6      | Gained mutation: You sometimes gain power by taking damage.
                  | [demonic ancestry]
  6455 | D:6      | Reached XP level 9. HP: 61/61 MP: 12/12
  6508 | D:6      | Found a radiant altar of Vehumet.
  6659 | D:6      | Found an ancient bone altar of Kikubaaqudgha.
  6671 | D:6      | Got an ichor-stained falchion
  6671 | D:6      | Identified the cursed +0 falchion of the Skies Above
                  | {vorpal, rF+++ Dex+3 SInv} (You found it on level 6 of the
                  | Dungeon)
  6696 | D:6      | Reached skill level 9 in Axes
  7027 | D:6      | Got a pair of heavily runed boots
  7032 | D:6      | Identified the cursed +0 pair of boots of Beogh's Reproof
                  | {+Blink} (You found it on level 6 of the Dungeon)
  8408 | D:7      | Reached skill level 10 in Axes
  8465 | D:7      | Found a stormy altar of Qazlal.
  8480 | D:8      | Found a hide-covered altar of Uskayaw.
  8547 | D:8      | You fall into a shaft and drop 1 floor!
  8745 | D:9      | Gained mutation: A demonic guardian rushes to your aid.
                  | [demonic ancestry]
  8745 | D:9      | Reached XP level 10. HP: 53/67 MP: 15/15
  9085 | D:8      | Found a flagged portal.
  9102 | D:8      | Reached **** piety under Qazlal
  9108 | Bailey   | Entered a bailey
  9897 | Bailey   | Reached skill level 11 in Axes
 10966 | D:9      | Got a translucent turquoise ring
 10969 | D:9      | Identified the ring of Geilanya {*Corrode rElec rPois SInv}
                  | (You found it on level 9 of the Dungeon)
 11143 | D:9      | Found a hazy altar of Hepliaklqana.
 11163 | D:9      | Found an ornate altar of the Wu Jian Council.
 11167 | D:9      | Found a snail-covered altar of Cheibriados.
 11239 | D:10     | Entered Level 10 of the Dungeon
 11900 | D:10     | Found a staircase to the Lair.
 12021 | D:10     | Reached XP level 11. HP: 63/72 MP: 18/18
 12657 | Lair:1   | Entered Level 1 of the Lair of Beasts
 12695 | Lair:1   | Reached skill level 10 in Invocations
 12724 | Lair:1   | Reached skill level 12 in Axes
 12738 | Lair:1   | Found a frozen archway.
 12748 | Lair:1   | Noticed Gastronok
 12765 | Lair:1   | Killed Gastronok
 12777 | IceCv    | Entered an ice cave
 12777 | IceCv    | Noticed a white ugly thing
 12787 | IceCv    | Killed a white ugly thing
 13030 | IceCv    | Found a transporter.
 13054 | IceCv    | Noticed a white ugly thing
 13060 | IceCv    | Killed a white ugly thing
 13061 | IceCv    | Found a transporter.
 13406 | Lair:1   | Noticed a seven-headed hydra
 13419 | Lair:1   | Killed a seven-headed hydra
 13419 | Lair:1   | Reached skill level 10 in Armour
 13884 | Lair:1   | Found a runed translucent door.
 13884 | Lair:1   | Found a shimmering altar of Xom.
 13884 | Lair:1   | Noticed lysyklops's ghost (journeyman MiFi)
 13884 | Lair:1   | Noticed a +4 long sword of chaos
 13953 | Lair:1   | Noticed a seven-headed hydra
 13958 | Lair:1   | Killed a seven-headed hydra
 13958 | Lair:1   | Reached skill level 13 in Axes
 14010 | Lair:1   | Noticed an oklob plant
 14010 | Lair:1   | Noticed an oklob plant
 14017 | Lair:1   | Killed an oklob plant
 14023 | Lair:1   | Killed an oklob plant
 14543 | Lair:2   | Reached ***** piety under Qazlal
 14543 | Lair:2   | Gained mutation: You have a pair of small horns on your
                  | head. [demonic ancestry]
 14543 | Lair:2   | Reached XP level 12. HP: 78/78 MP: 20/20
 15981 | Lair:3   | Got a masterwork war axe
 15981 | Lair:3   | Identified the +4 war axe of Tischeura {flame, +Inv rElec
                  | Int-2 Dex+4} (You found it on level 3 of the Lair of
                  | Beasts)
 16670 | Lair:4   | Noticed a death yak
 16670 | Lair:4   | Noticed a death yak
 16671 | Lair:4   | Noticed a death yak
 16672 | Lair:4   | Noticed a death yak
 16681 | Lair:4   | Killed a death yak
 16696 | Lair:4   | Killed a death yak
 16697 | Lair:4   | Killed a death yak
 16702 | Lair:4   | Killed a death yak
 16753 | Lair:4   | Reached skill level 14 in Axes
 17121 | Lair:4   | Identified the +8 falchion of the Depths {protect, rC+}
 17126 | Lair:4   | Reached skill level 5 in Dodging
 17342 | Lair:4   | Found a hole to the Spider Nest.
 17588 | Lair:4   | Found a staircase to the Shoals.
 17636 | Lair:4   | Reached XP level 13. HP: 54/90 MP: 21/21
 18146 | Lair:4   | Reached skill level 5 in Fighting
 18586 | Lair:5   | Reached ****** piety under Qazlal
 18660 | Lair:5   | Noticed Nessos
 18902 | Lair:5   | Killed Nessos
 19942 | Lair:6   | Entered Level 6 of the Lair of Beasts
 20118 | Lair:6   | Reached skill level 15 in Axes
 20838 | Lair:6   | Reached XP level 14. HP: 35/98 MP: 22/22
 21262 | Lair:6   | Found a viscous altar of Jiyva.
 21262 | Lair:6   | Found a staircase to the Slime Pits.
 21552 | Lair:6   | Found a burning altar of Makhleb.
 21592 | Lair:6   | Slain by an ice devil

Illustrated notes

Levels and vault maps discovered:
D:1:      shiori_arrival_maze, layout_basic, grunt_decor_resistance
D:2:      layout_basic, gammafunk_temple_overflow_elements,
          minmay_overflow_temple_star_quad, lemuel_crystal_altar, first_ration,
          uniq_robin
D:3:      layout_loops_ring, minmay_close_crescents, uniq_crazy_yiuf_cottage
D:4:      layout_loops_corners, lemuel_crystal_altar, uniq_blork_the_orc
D:5:      layout_loops_ring, minmay_temple_entry_gardened_gates, st_stairs_13,
          okawaru_gym_becter, uniq_pikel
D:6:      layout_gridville, kennysheep_mini, kennysheep_mini_moat,
          nrook_pool_corridor, uniq_grinder, uniq_maggie
D:7:      layout_loops_ring, grunt_livestock, nicolae_qazlal_eye_of_the_storm
D:8:      layout_loops_ring, enter_bailey_6, basic_altar, serial_bayou_pond_d
D:9:      layout_roguey, marbit_many_paths, grunt_temple_overflow_open,
          serial_glass, glass_columns_c, glass_columns_c
D:10:     layout_long_grid, due_lair_maze_entry_diamond,
          onia_ninara_dug_in_and_dangerous
D:11:     layout_long_grid
Lair:1:   layout_chaotic_city, ebering_ghost_xom, gauntlet_entry_generic,
          portal_ice_cave_rime, serial_bayou_pond_d, grunt_megastairs_3,
          infiniplex_staircase_pool, lemuel_fruit_tree,
          minmay_lair_oklob_chamber, uniq_gastronok
Lair:2:   layout_regular_city
Lair:3:   layout_regular_city
Lair:4:   layout_gridlike, elwin_shoals_entry_rocks, dummy_spider_entry,
          special_room [special_room_bee], beast_lair_carwin_1
Lair:5:   layout_cave_pods, serial_forest, infiniplex_forest_lined_room_3,
          infiniplex_forest_straight_3, infiniplex_forest_lined_ring,
          infiniplex_forest_3_way, infiniplex_forest_clump_tiny,
          infiniplex_forest_clump_long, infiniplex_forest_join,
          infiniplex_forest_straight_3, infiniplex_forest_corner_2,
          st_stairs_12, uniq_nessos
Lair:6:   evil_forest, layout_regular_city, slime_altar_1, serial_bayou_shore_b

Skill      XL: |  1  2  3  4  5  6  7  8  9 10 11 12 13 |
---------------+----------------------------------------+-----
Axes           | 3 4 5 6 7 8 10 11 13 14 15 | 15.6
Dodging        | 3 5 7 |  7.4
Armour         | 1 2 3 4 5 6 8 10 12 13 | 13.6
Invocations    | 2 5 7 9 11 | 11.5
Fighting       | 4 5 |  5.1
Throwing       | |  1.7

Action                   |  1- 3 |  4- 6 |  7- 9 | 10-12 | 13-15 || total
-------------------------+-------+-------+-------+-------+-------++-------
Melee: War axe           |    96 |    48 |       |    92 |   309 ||   545
       Whip              |       |   182 |   330 |   689 |       ||  1201
       Flail             |       |       |    84 |       |       ||    84
       Falchion          |       |       |    16 |       |       ||    16
       Executioner's axe |       |       |       |     5 |       ||     5
       Headbutt          |       |       |       |    76 |    74 ||   150
Throw: Throwing net      |       |     1 |       |       |       ||     1
       Dart              |       |       |     4 |       |       ||     4
Invok: Upheaval          |       |       |     1 |     3 |       ||     4
       Elemental Force   |       |       |       |     1 |       ||     1
Evoke: Wand              |       |       |     1 |     8 |     2 ||    11
  Use: Potion            |       |     1 |       |     6 |       ||     7
       Scroll            |       |       |    11 |     3 |     6 ||    20
 Stab: Distracted        |       |       |     1 |       |     5 ||     6
  Eat: Chunk             |     2 |     9 |    11 |    19 |    12 ||    53
       Ration            |       |       |     1 |     3 |       ||     4
Armor: Leather armour    |    14 |       |       |       |       ||    14
       Ring mail         |    34 |    98 |    98 |       |       ||   230
       Acid dragon scale |       |       |    60 |   250 |    69 ||   379
Dodge: Dodged            |    73 |   162 |   239 |   515 |   251 ||  1240
       Repelled          |       |       |       |     7 |     3 ||    10
Block: Other             |       |    17 |    72 |   166 |   110 ||   365
       Rpst.: Falchion   |       |       |     3 |       |       ||     3
